 Dungeon Crawl Stone Soup version 0.25-a0-404-gc1b5a34292 (webtiles) character file.

Game seed: 270466374169526668, levelgen mode: deterministic

80 mopl the Gusty (level 4, -1/33 HPs)
             Began as a Draconian Air Elementalist on Jan 10, 2020.
             Slain by Crazy Yiuf
             ... wielding a +3 quarterstaff of chaos
              (4 damage)
             ... on level 2 of the Dungeon.
             The game lasted 00:04:34 (1995 turns).

mopl the Gusty (Draconian Air Elementalist)         Turns: 1995, Time: 00:04:35

Health: -1/33      AC:  5    Str: 15    XL:     4   Next: 18%
Magic:  4/8        EV: 12    Int: 17    God:
Gold:   73         SH:  0    Dex: 11    Spells: 4/8 levels left

rFire    + . .     SeeInvis .   h - +0 dagger
rCold    . . .     Gourm    .   (no shield)
rNeg     . . .     Faith    .   (armour unavailable)
rPois    .         Spirit   .   (helmet restricted)
rElec    .         Reflect  .   (no cloak)
rCorr    .         Harm     .   (no gloves)
MR       .....                  (no boots)
Stlth    ++........             (no amulet)
HPRegen  0.11/turn              k - ring of protection from fire
MPRegen  0.11/turn              (no ring)

@: mighty
A: unfitting armour, cold-blooded, AC +5
a: no special abilities


You were on level 2 of the Dungeon.
You were not hungry.

You visited 1 branch of the dungeon, and saw 2 of its levels.

You collected 73 gold pieces.

Inventory:

Hand Weapons
 h - a +0 dagger (weapon)
Missiles
 g - 2 javelins (quivered)
Jewellery
 k - a ring of protection from fire (left hand)
Scrolls
 e - a scroll of identify {unknown}
 f - a scroll of teleportation
 i - a scroll of random uselessness {unknown}
 m - a scroll of amnesia {unknown}
Potions
 c - a potion of curing {unknown}
 d - a potion of flight {unknown}
 j - a potion of agility {unknown}
 l - a potion of brilliance {unknown}
Comestibles
 b - 2 rations


   Skills:
 - Level 1.7 Dodging
 - Level 1.7 Stealth
 + Level 2.9 Spellcasting
 + Level 2.4 Conjurations
 + Level 3.8 Air Magic


You had 4 spell levels left.
You knew the following spells:

 Your Spells              Type           Power        Failure   Level  Hunger
a - Shock                 Conj/Air       ##..         4%          1    #......
b - Static Discharge      Conj/Air       ##......     14%         3    ###....

Your spell library contained the following spells:

 Spells                   Type           Power        Failure   Level  Hunger
 Swiftness                Chrm/Air       #.......     12%         2    ##.....
 Airstrike                Air            ###.......   36%         4    #####..
 Lightning Bolt           Conj/Air       ##........   80%         5    ######.


Dungeon Overview and Level Annotations

Branches:
Dungeon (2/15)

Altars:

Annotations:
D:2 Crazy Yiuf


Innate Abilities, Weirdness & Mutations

Your plain brown scales are hard. (AC +5)
You cannot fit into any form of body armour.
You are cold-blooded and may be slowed by cold attacks.


Message History

Aiming: Shock (safe; 4% risk of failure)
Press: ? - help, Shift-Dir - straight line The zap hits Crazy Yiuf.
Crazy Yiuf is severely wounded.
Crazy Yiuf hits you with a +3 quarterstaff of chaos!
You feel very mighty all of a sudden.
Unknown command.
Casting: Shock (safe; 4% risk of failure)
Confirm with . or Enter, or press ? or * to list all spells.
Aiming: Shock (safe; 4% risk of failure)
Press: ? - help, Shift-Dir - straight line The zap hits Crazy Yiuf.
Crazy Yiuf is almost dead.
Crazy Yiuf hits you with a +3 quarterstaff of chaos!
You are electrocuted!
* * * LOW HITPOINT WARNING * * *
You closely miss Crazy Yiuf.
Your tail-slap misses Crazy Yiuf.
Crazy Yiuf is almost dead.
Crazy Yiuf hits you with a +3 quarterstaff of chaos.
You die...

.....##..##.......... #######
....###....########## #.....#
#######.#.## ##.....#
####..#.# ##### #'.....#
#....##.# #..)# ##.....###
#.#####'## #...# #.......#
#.##.....# ... #######.#
#.##.....# #g# #######'###
#.##...<.# ##@# #.(........
#.##.....# #.## #..........
..##.....# ##.# #..........
#..#......# #.## #..........
#..#......# ##.##
##.......... ##.#....#.#
#...## #...........
#.#....#.# #....#
#........... #>#....#.#
#....# #...........
#....#.###....####...........


You could see Crazy Yiuf.

Vanquished Creatures
  2 adders (D:2)
  An ooze (D:2)
  3 worms (D:2)
  A dart slug (D:2)
  3 leopard geckos
  7 goblins
  2 hobgoblins (D:1)
  A ball python (D:1)
  4 bats
  2 frilled lizards (D:1)
  A jackal skeleton (D:2)
  14 kobolds
  6 rats
47 creatures vanquished.

Vanquished Creatures (others)
  11 toadstools (D:2)
11 creatures vanquished.

Grand Total: 58 creatures vanquished

Notes
Turn   | Place    | Note
-------+----------+-------------------------------------------
     0 | D:1      | mopl the Draconian Air Elementalist began the quest for the
                  | Orb.
     0 | D:1      | Reached XP level 1. HP: 14/14 MP: 3/3
   272 | D:1      | Reached XP level 2. HP: 20/20 MP: 1/5
  1166 | D:2      | Reached XP level 3. HP: 21/26 MP: 2/6
  1222 | D:2      | Learned a level 3 spell: Static Discharge
  1242 | D:2      | Reached skill level 2 in Conjurations
  1738 | D:2      | Reached XP level 4. HP: 33/33 MP: 4/8
  1862 | D:2      | Found a runed translucent door.
  1863 | D:2      | Noticed Crazy Yiuf
  1995 | D:2      | Slain by Crazy Yiuf

Levels and vault maps discovered:
D:1:      nzn_arrival_crosshair, layout_loops_corners
D:2:      cheibrodos_fertilizer, layout_basic, uniq_crazy_yiuf_cottage

Skill      XL: |  1  2  3 |
---------------+----------+-----
Conjurations   | 2 |  2.4
Dodging        | |  1.7
Stealth        | |  1.7
Spellcasting   | |  2.9
Air Magic      | |  3.8

Action                   |  1- 3 |  4- 6 || total
-------------------------+-------+-------++-------
Melee: Unarmed           |    35 |       ||    35
       Tailslap          |     6 |     1 ||     7
       Dagger            |    19 |    13 ||    32
 Cast: Shock             |    79 |    14 ||    93
  Use: Scroll            |       |     1 ||     1
 Stab: Sleeping          |       |     1 ||     1
  Eat: Chunk             |     4 |       ||     4
Armor: Skin              |    33 |     5 ||    38
Dodge: Dodged            |    64 |     4 ||    68

Table legend:
 A = Non-vault XP
 B = Vault XP
 C = Vault XP percentage of total XP
 D = Non-vault monster count
 E = Vault monster count
 F = Vault count percentage of total count
                 A         B        C        D         E       F
            +---------+---------+-------+---------+---------+-------
      Total |     103 |      12 |  10.4 |      39 |       8 |  17.0
            +---------+---------+-------+---------+---------+-------
        D:1 |      36 |       0 |   0.0 |      24 |       0 |   0.0
        D:2 |      67 |      12 |  15.2 |      15 |       8 |  34.8
            +---------+---------+-------+---------+---------+-------
